 Dungeon Crawl Stone Soup version 0.22.1-1-ga44c0e56f4 (webtiles) character file.

82 Cykl0x the Covered (level 4, 0/29 HPs)
             Began as a Gargoyle Fighter on Nov 6, 2018.
             Killed from afar by Natasha (7 damage)
             ... with a magic dart
             ... on level 2 of the Dungeon.
             The game lasted 00:05:31 (1480 turns).

Cykl0x the Covered (Gargoyle Fighter)               Turns: 1480, Time: 00:05:31

Health: 0/29       AC: 10    Str: 19    XL:     4   Next: 43%
Magic:  4/4        EV:  7    Int:  9    God:
Gold:   142        SH:  9    Dex: 10    Spells: 3/3 levels left

rFire    . . .     SeeInvis .   a - +0 war axe
rCold    . . .     Gourm    .   c - +0 shield
rNeg     + . .     Faith    .   b - +0 scale mail
rPois    ∞         Spirit   .   (no helmet)
rElec    +         Reflect  .   (no cloak)
rCorr    .         Harm     .   (no gloves)
MR       .....                  (no boots)
Stlth    ..........             (no amulet)
HPRegen  0.09/turn              (no ring)
MPRegen  0.09/turn              (no ring)

@: slowed, very slow
A: negative energy resistance 1, electricity resistance, unbreathing,
petrification resistance, rot immunity, AC +3
a: no special abilities


You were on level 2 of the Dungeon.
You were not hungry.

You visited 1 branch of the dungeon, and saw 2 of its levels.

You collected 142 gold pieces.

Inventory:

Hand Weapons
 a - a +0 war axe (weapon)
Missiles
 m - 3 stones (quivered)
Armour
 b - a +0 scale mail (worn)
 c - a +0 shield (worn)
Scrolls
 e - a scroll of amnesia
 j - a scroll of remove curse
 k - a scroll of identify {unknown}
Potions
 d - 2 potions of might
 g - a potion of curing {unknown}
 h - a potion of lignification {unknown}
 i - a potion of brilliance {unknown}
 l - a potion of flight {unknown}
Comestibles
 f - 7 rations


   Skills:
 + Level 3.6 Fighting
 + Level 2.7 Axes
 + Level 4.0 Armour
 + Level 0.4 Dodging
 + Level 0.6 Stealth
 + Level 3.7 Shields


You had 3 spell levels left.
You didn't know any spells.
Your spell library was empty.

Dungeon Overview and Level Annotations

Branches:
Dungeon (2/15)

Altars:
Cheibriados
Dithmenos
Gozag
Makhleb

Annotations:
D:2 Natasha


Innate Abilities, Weirdness & Mutations

You are resistant to torment.
Your stone body is resilient. (AC +3)
You are immune to poison.
You resist negative energy. (rN+)
You are resistant to electric shocks. (rElec)
You can survive without breathing.
You are immune to petrification.
You are immune to rotting.


Message History

You block the iron imp's attack.
The shadow imp shouts, "Give up, thou pribbling fool-born boar-pig!"
You block the shadow imp's attack. Natasha closely misses you.
You hit Natasha.
Natasha is moderately wounded.
You hit the iron imp.
You hit the shadow imp but do no damage.
The iron imp hits you. The shadow imp hits you. Natasha claws you.
You block the iron imp's attack.
The shadow imp hits you but does no damage.
Natasha claws you but does no damage. Natasha barely misses you.
Natasha stares at you and mumbles some strange words.
The magic dart hits you!
* * * LOW HITPOINT WARNING * * *
Natasha mumbles some strange words.
The shadow imp disappears in a puff of smoke!
Natasha casts a spell at you. The magic dart hits you!
You die...

#..........# #..........#
###### #...<.?.....
.....# #..........#
.....# #..........#
.....# #.5h.......#
.....# #>..5§.....#
.....# ####.#.#....
.....### #@#....##
.......## ##.##...#
....._..# #).##...#
........#### #.###...##
......#....# ##.##.....#
###...#....###.....##..#
.##.#.#....#.......##..#
.##.#......#.#.....##.>#
###
.##.###...........####.##
##._


You could see an iron imp, Natasha and a shadow imp.

Vanquished Creatures
  2 adders (D:2)
  3 worms (D:2)
  A dart slug (D:1)
  3 bats (D:1)
  3 giant cockroaches
  8 goblins
  8 hobgoblins
  3 jackals (D:2)
  A quokka (D:2)
  2 ball pythons
  2 frilled lizards
  11 kobolds
  6 rats
53 creatures vanquished.

Notes
Turn   | Place    | Note
-------+----------+-------------------------------------------
     0 | D:1      | Cykl0x the Gargoyle Fighter began the quest for the Orb.
     0 | D:1      | Reached XP level 1. HP: 14/14 MP: 1/1
    95 | D:1      | Reached XP level 2. HP: 13/19 MP: 2/2
   729 | D:1      | Reached XP level 3. HP: 23/23 MP: 3/3
  1238 | D:2      | Reached XP level 4. HP: 15/28 MP: 4/4
  1243 | D:2      | Reached skill level 4 in Armour
  1252 | D:2      | Found a burning altar of Makhleb.
  1409 | D:2      | Found a shadowy altar of Dithmenos.
  1411 | D:2      | Found a snail-covered altar of Cheibriados.
  1413 | D:2      | Found an opulent altar of Gozag.
  1467 | D:2      | Noticed Natasha
  1480 | D:2      | Killed from afar by Natasha

Skill      XL: |  1  2  3  4 |
---------------+-------------+-----
Axes           | 2 |  2.7
Armour         | 4 |  4.0
Fighting       | |  3.6
Dodging        | |  0.4
Stealth        | |  0.6
Shields        | |  3.7

Action                   |  1- 3 |  4- 6 || total
-------------------------+-------+-------++-------
Melee: War axe           |   115 |    33 ||   148
  Use: Scroll            |     3 |       ||     3
  Eat: Chunk             |     1 |     1 ||     2
Armor: Scale mail        |    65 |    19 ||    84
Dodge: Dodged            |    43 |    18 ||    61
Block: Shield            |    72 |    24 ||    96
